 Dungeon Crawl Stone Soup version 0.26-a0-812-g31a745ddcd (webtiles) character file.

Game seed: 17131154286391088409

80 mkm the Covered (level 4, -2/40 HPs)
             Began as a Minotaur Fighter on Nov 21, 2020.
             Killed by divine providence
             ... invoked by an orc priest
              (14 damage)
             ... on level 3 of the Dungeon.
             The game lasted 00:05:17 (2254 turns).

mkm the Covered (Minotaur Fighter)                  Turns: 2254, Time: 00:05:17

Health: -2/40      AC:  5    Str: 22    XL:     4   Next: 18%
Magic:  0/3        EV:  8    Int:  5    God:
Gold:   80         SH:  9    Dex:  9    Spells: 3/3 levels left

rFire    . . .     SeeInvis .   a - +0 war axe
rCold    . . .     Faith    .   c - +0 kite shield
rNeg     . . .     Spirit   +   h - +0 ring mail
rPois    .         Reflect  .   (helmet restricted)
rElec    .         Harm     .   (no cloak)
rCorr    .         Rampage  .   (no gloves)
MR       .....                  (no boots)
Stlth    ..........             k - amulet of guardian spirit
HPRegen  0.13/turn              (no ring)
MPRegen  0.08/turn              (no ring)

@: mighty, lethally poisoned (-2 -> -4)
A: retaliatory headbutt, horns 2
a: no special abilities


You were on level 3 of the Dungeon.
You visited 1 branch of the dungeon, and saw 3 of its levels.

You collected 80 gold pieces.

Inventory:

Hand Weapons
 a - a +0 war axe (weapon)
Armour
 c - a +0 kite shield (worn)
 h - a +0 ring mail (worn)
Jewellery
 g - an uncursed amulet of magic regeneration
 k - an amulet of guardian spirit (around neck)
Wands
 j - a wand of iceblast (11)
Scrolls
 b - 2 scrolls of enchant weapon {unknown}
 e - 4 scrolls of identify
 f - 2 scrolls of amnesia
 i - a scroll of remove curse


   Skills:
 + Level 4.1 Fighting
 + Level 3.6 Axes
 + Level 4.3 Armour
 + Level 0.8 Dodging
 + Level 0.1 Stealth
 + Level 4.2 Shields


You had 3 spell levels left.
You didn't know any spells.
Your spell library was empty.

Dungeon Overview and Level Annotations

Branches:
Dungeon (3/15)

Altars:
Fedhas

Annotations:
D:3 Natasha


Innate Abilities, Weirdness & Mutations

You reflexively headbutt those who attack you in melee.
You have a pair of horns on your head.


Message History

You see here a poisoned dart.
You feel sick.
The orc priest begins to cast a cantrip, but forgets the words!
Natasha claws you!
You barely miss Natasha. Your headbutt misses Natasha.
You feel sick. Natasha claws you!
You barely miss Natasha. Your headbutt misses Natasha.
Natasha casts a spell.
Sorry, you're not good enough to have a special ability.
Sorry, you're not good enough to have a special ability.
You feel very mighty all of a sudden.
Natasha stares at you and mumbles some strange words.
The magic dart hits you.
The orc priest begins to cast a cantrip, but forgets the words!
You block the white imp's attack.
You closely miss the white imp. Your headbutt misses the white imp.
You closely miss Natasha.
You feel sick. Natasha barely misses you.
The orc priest calls down the wrath of Beogh upon you.
Beogh smites you!
You die...

#.........##
.....o..(..#
...........#
........o..#
...$....g.##
#.o.gK#
#####o# #h##
#@5# ##.# .#
.# .# .# .#
.#


You could see an orc priest, Natasha, a white imp (summoned), an orc, a
hobgoblin and a kobold.

Vanquished Creatures
  3 adders (D:2)
  A worm (D:2)
  3 leopard geckos
  A giant cockroach (D:3)
  5 goblins
  7 hobgoblins
  3 jackals (D:1)
  A quokka (D:3)
  A ball python (D:1)
  7 bats
  5 frilled lizards
  6 kobolds
  5 rats
48 creatures vanquished.

Notes
Turn   | Place    | Note
-------+----------+-------------------------------------------
     0 | D:1      | mkm the Minotaur Fighter began the quest for the Orb.
     0 | D:1      | Reached XP level 1. HP: 19/19 MP: 0/0
   175 | D:1      | Reached XP level 2. HP: 20/27 MP: 1/1
   780 | D:2      | Reached XP level 3. HP: 33/33 MP: 2/2
  2020 | D:2      | Reached XP level 4. HP: 40/40 MP: 3/3
  2128 | D:3      | Found a blossoming altar of Fedhas.
  2243 | D:3      | Noticed Natasha
  2254 | D:3      | Killed from afar by an orc priest

Illustrated notes

Levels and vault maps discovered:
D:1:      dpeg_arrival_orchard, layout_loops_ring
D:2:      layout_basic, amethyst_killhole
D:3:      layout_rooms, lemuel_crystal_altar, grunt_temple_overflow_cloverleaf,
          uniq_natasha

Skill      XL: |  1  2 |
---------------+-------+-----
Axes           | 3 |  3.6
Shields        | 4 |  4.2
Armour         | 4 |  4.3
Fighting       | 4 |  4.1
Dodging        | |  0.8
Stealth        | |  0.1

Action                   |  1- 3 |  4- 6 || total
-------------------------+-------+-------++-------
Melee: War axe           |    85 |    14 ||    99
       Headbutt          |     8 |     1 ||     9
  Use: Scroll            |     6 |       ||     6
       Potion            |     1 |     1 ||     2
Armor: Scale mail        |     4 |       ||     4
       Ring mail         |    26 |    10 ||    36
Dodge: Dodged            |    36 |     8 ||    44
Block: Kite shield       |    48 |    11 ||    59

Table legend: (Time is in decaauts)
 A = Elapsed time spent in this place.
 B = Non-inter-level travel time spent in this place.
 C = Inter-level travel time spent in this place.
 D = Time resting spent in this place.
 E = Time spent auto-exploring this place.
 F = Levels seen in this place.
 G = Mean time per level.
                   A        B        C        D        E       F      G
               +--------+--------+--------+--------+--------+-----+--------+
         Total |   2295 |   2238 |     57 |     68 |   1746 |   3 |  765.0 |
       Dungeon |   2295 |   2238 |     57 |     68 |   1746 |   3 |  765.0 |
               +--------+--------+--------+--------+--------+-----+--------+

Top non-repeatable levels by time:
     D:2: 1349 daAuts
     D:1: 774 daAuts
     D:3: 171 daAuts
